 Dungeon Crawl Stone Soup version 0.27.1 (webtiles) character file.

Game seed: 6680210859931401321

90 MacCMillion the Digger (level 4, -9/24 HPs)
             Began as a Gargoyle Earth Elementalist on Sept 2, 2021.
             Splashed by Ijyb's acid (12 damage)
             ... on level 3 of the Dungeon.
             The game lasted 00:05:46 (3174 turns).

MacCMillion the Digger (GrEE)                       Turns: 3174, Time: 00:05:46

Health: -9/24      AC:  6    Str: 12    XL:     4   Next: 56%
Magic:  7/7        EV: 12    Int: 16    God:
Gold:   82         SH:  0    Dex: 10    Spells: 3/7 levels left

rFire    . . .     SeeInvis .   d - +0 dagger
rCold    . . .     Faith    .   (no shield)
rNeg     + . .     Spirit   .   b - +0 robe
rPois    ∞         Reflect  .   (no helmet)
rElec    +         Harm     .   (no cloak)
rCorr    .         Rampage  .   h - +0 pair of gloves
Will     .....                  (no boots)
Stlth    ++........             (no amulet)
HPRegen  0.08/turn              (no ring)
MPRegen  0.10/turn              (no ring)

@: no status effects
A: sickness immunity, AC +3, negative energy resistance 1, electricity
resistance, torment resistance 1, petrification resistance
a: no special abilities


You were on level 3 of the Dungeon.
You visited 1 branch of the dungeon, and saw 3 of its levels.

You collected 82 gold pieces.

Inventory:

Hand Weapons
 a - a +0 club
 d - a +0 dagger (weapon)
Missiles
 c - 100 stones
Armour
 b - a +0 robe (worn)
 h - a +0 pair of gloves (worn)
Magical Staves
 e - a staff of conjuration
Wands
 i - a wand of acid (3)
Scrolls
 f - a scroll of vulnerability {unknown}
 g - a scroll of fog {unknown}
 j - a scroll of magic mapping {unknown}
 l - a scroll of fear {unknown}
 m - a scroll of identify {unknown}
 n - a scroll of brand weapon {unknown}
Potions
 k - a potion of invisibility {unknown}


   Skills:
 - Level 1.8 Dodging
 - Level 2.1 Stealth
 - Level 2.0 Spellcasting
 + Level 0.2 Conjurations
 - Level 1.0 Transmutations
 + Level 6.0 Earth Magic


You had 3 spell levels left.
You knew the following spells:

 Your Spells              Type           Power      Damage    Failure   Level
a - Sandblast             Erth           40%        2d10      1%          1
b - Stone Arrow           Conj/Erth      22%        3d8       17%         3

Your spell library contained the following spells:

 Spells                   Type           Power      Damage    Failure   Level
 Passwall                 Tmut/Erth      10%        N/A       8%          2
 Petrify                  Tmut/Erth      12%        N/A       43%         4


Dungeon Overview and Level Annotations

Branches:
Dungeon (3/15)

Altars:
Gozag

Annotations:
D:3 1 exclusion, Ijyb


Innate Abilities, Weirdness & Mutations

You are immune to sickness and miasma.
Your stone body is resilient. (AC +3)
You are immune to poison.
You resist negative energy. (rN+)
You are resistant to electric shocks. (rElec)
You are resistant to unholy torment.
You are immune to petrification.


Message History

The jackal bites you but does no damage.
Ijyb grins evilly.
You closely miss the jackal. The jackal bites you.
The jackal barely misses you.
You barely miss the jackal.
The jackal bites you but does no damage.
You hit the jackal.
The jackal is heavily wounded.
The jackal barely misses you. The jackal misses you.
You barely miss the jackal.
The jackal is heavily wounded.
The jackal misses you.
You hit the jackal but do no damage.
The jackal is heavily wounded.
The jackal barely misses you.
You barely miss the jackal.
The jackal is heavily wounded.
The jackal bites you but does no damage.
The jackal closely misses you.
You closely miss the jackal.
The jackal is heavily wounded.
The jackal barely misses you.
You hit the jackal but do no damage.
The jackal is heavily wounded.
The jackal bites you but does no damage.
The jackal barely misses you.
You hit the jackal.
The jackal is almost dead.
The jackal bites you but does no damage.
You hit the jackal.
You kill the jackal!
Ijyb zaps a wand.
The bolt of acid hits the jackal!
The jackal is splashed with acid.
The acid corrodes the jackal!
The jackal dies!
The bolt of acid hits you!!
Ouch! That really hurt!
* * * LOW HITPOINT WARNING * * *
You are splashed with acid!
Ouch! That really hurt!
You die...

#.......# ####.^.....#
...(.......# ###### ###........#
#....# ## ##.......# #....# #.
#.......# #....# #.
####.......##############....###.
.................................
####.......#####@########....####
.......##### #†# #......# #.
........# #.# #......# #.
........# #g# #......# #.
####....## #.# #....### #.
#)(#.....# #.# #....# #.
'..#...#.## #.# ###### ##.
####...#..# #.# ... .......##.#
#.# .##


You could see Ijyb.

Vanquished Creatures
  Jessica (D:3)
  An adder (D:3)
  A worm (D:2)
  2 dart slugs
  An orc (D:3)
  3 ball pythons (D:1)
  6 bats
  6 endoplasms
  A giant cockroach (D:1)
  3 goblins
  3 hobgoblins (D:2)
  3 jackals (D:3)
  3 quokkas
  2 frilled lizards (D:1)
  3 kobolds
  10 rats
49 creatures vanquished.

Vanquished Creatures (others)
  A jackal (D:3)
1 creature vanquished.

Grand Total: 50 creatures vanquished

Notes
Turn   | Place    | Note
-------+----------+-------------------------------------------
     0 | D:1      | MacCMillion the Gargoyle Earth Elementalist began the quest
                  | for the Orb.
     0 | D:1      | Reached XP level 1. HP: 10/10 MP: 3/3
   252 | D:1      | Reached skill level 1 in Transmutations
   252 | D:1      | Reached XP level 2. HP: 15/15 MP: 0/5
   343 | D:1      | Reached skill level 4 in Earth Magic
  1215 | D:2      | Reached XP level 3. HP: 17/19 MP: 4/6
  1812 | D:2      | Reached skill level 5 in Earth Magic
  2361 | D:2      | Found a faded altar of an unknown god.
  2631 | D:3      | Found an opulent altar of Gozag.
  2767 | D:3      | Noticed Jessica
  2772 | D:3      | Killed Jessica
  2773 | D:3      | Reached XP level 4. HP: 13/24 MP: 3/7
  3008 | D:3      | Noticed Ijyb
  3064 | D:3      | Reached skill level 6 in Earth Magic
  3068 | D:3      | Learned a level 3 spell: Stone Arrow
  3174 | D:3      | Splashed by Ijyb's acid

Illustrated notes

Levels and vault maps discovered:
D:1:      ncdulo_smallfort, layout_basic
D:2:      wander_river, layout_basic, dilly_ecumenical_altar_fadedgnrine
D:3:      layout_basic, nicolae_gozag_cash_rules_everything_around_me,
          supply_closet_lemuel, hangedman_decor_points, minivault_24, uniq_ijyb,
          uniq_sigmund, uniq_jessica

Skill      XL: |  1  2  3  4 |
---------------+-------------+-----
Transmutations | 1 |  1.0
Earth Magic    | 4 5 6 |  6.0
Dodging        | |  1.8
Stealth        | |  2.1
Spellcasting   | |  2.0
Conjurations   | |  0.2

Action                   |  1- 3 |  4- 6 || total
-------------------------+-------+-------++-------
Melee: Unarmed           |     1 |       ||     1
       Dagger            |    80 |    46 ||   126
       Club              |     9 |       ||     9
       Staff             |     4 |       ||     4
 Cast: Sandblast         |    31 |       ||    31
 Stab: Sleeping          |     7 |     1 ||     8
Armor: Robe              |    35 |    19 ||    54
Dodge: Dodged            |    65 |    26 ||    91
